 Dungeon Crawl Stone Soup version 0.27.1-34-g3ba077fa99 (console) character file.

Game seed: 16757639173639526520

10 Banquo the Shield-Bearer (level 2, -2/24 HPs)
             Began as a Formicid Fighter on Feb 17, 2022.
             Slain by an adder (3 damage)
             ... on level 2 of the Dungeon.
             The game lasted 00:01:36 (1132 turns).

Banquo the Shield-Bearer (Formicid Fighter)         Turns: 1132, Time: 00:01:36

Health: -2/24      AC:  6    Str: 20    XL:     2   Next: 30%
Magic:  2/2        EV:  7    Int:  7    God:
Gold:   59         SH:  9    Dex: 10    Spells: 1/1 levels left

rFire    . . .     SeeInvis +   a - +0 war axe
rCold    . . .     Faith    .   c - +0 kite shield
rNeg     . . .     Spirit   .   b - +0 scale mail
rPois    .         Reflect  .   (helmet unavailable)
rElec    .         Harm     .   (no cloak)
rCorr    .         Rampage  .   (no gloves)
Will     .....                  (no boots)
Stlth    ..........             (no amulet)
HPRegen  0.08/turn              (no ring)
MPRegen  0.08/turn              (no ring)

@: lethally poisoned (-2 -> -8)
A: permanent stasis, dig shafts and tunnels, antennae 3, four strong arms
a: Dig, Shaft Self


You were on level 2 of the Dungeon.
You visited 1 branch of the dungeon, and saw 2 of its levels.

You collected 59 gold pieces.

Inventory:

Hand Weapons
 a - a +0 war axe (weapon)
Missiles
 h - 4 boomerangs
 i - 13 stones
Armour
 b - a +0 scale mail (worn)
 c - a +0 kite shield (worn)
Scrolls
 e - a scroll of acquirement {unknown}
 f - a scroll of holy word {unknown}
 g - a scroll of noise {unknown}
Potions
 d - a potion of might


   Skills:
 - Level 3.2 Fighting
 + Level 2.8 Axes
 - Level 3.2 Armour
 - Level 3.6 Shields


You had one spell level left.
You didn't know any spells.
Your spell library was empty.

Dungeon Overview and Level Annotations

Branches:
Dungeon (2/15)

Altars:


Innate Abilities, Weirdness & Mutations

You cannot be hasted, slowed, berserked, paralysed or teleported.
You can dig through walls and to a lower floor.
You have a pair of large antennae on your head. (SInv)
Your four strong arms can wield two-handed weapons with a shield.


Message History

You block the quokka's attack. x2
You closely miss the quokka.
The quokka is moderately wounded.
You block the quokka's attack. x2
You closely miss the quokka.
The quokka is moderately wounded.
The quokka bites you.
A hobgoblin comes into view.
You barely miss the adder. You miss the quokka. The quokka bites you.
The adder bites you but does no damage.
The quokka bites you but does no damage.
The adder closely misses you.
You closely miss the adder.
Your shield and scale mail prevent you from hitting the quokka.
The quokka closely misses you. The adder barely misses you.
You block the quokka's attack. The adder bites you.
You closely miss the adder. You closely miss the quokka. The adder bites you.
You block the quokka's attack. The adder bites you.
You are poisoned.
The adder poisons you! You block the quokka's attack.
You are too injured to fight recklessly!
You are too injured to fight recklessly!
* * * LOW HITPOINT WARNING * * *
You feel sick. You block the quokka's attack.
You feel sick. The adder barely misses you.
You are seriously poisoned (6 -> 2).
Your movement speed is average.
Your attack delay is about 1.5 (and is slowed by your insufficient shield skill).
Unknown command.
Unknown command.
Okay, then.
You closely miss the adder.
* * * LOW HITPOINT WARNING * * *
You feel sick. The adder bites you but does no damage. The adder bites you.
* * * LOW HITPOINT WARNING * * *
You are lethally poisoned!
The adder poisons you!
Are you sure you want to shaft yourself?
* * * LOW HITPOINT WARNING * * *
You feel sick. The adder bites you.
You die...

#.... ... .... ....
#..###.... #........
##.#.##.# #.......#
.. #...rg..# .
#.##S##.# ##.
#.##@##.# #..
#.##.##.# #.#
#.##.##.# #.#
#.......# #.#
#.......# ### #.#
#.##.##.###.######.#
#.##......<........#
#.#####.#...########
#.#####.#...#


You could see an adder, a quokka and a hobgoblin.

Vanquished Creatures
  2 endoplasms (D:1)
  2 giant cockroaches (D:1)
  A hobgoblin (D:1)
  A jackal (D:1)
  A ball python (D:1)
  A bat (D:1)
  A frilled lizard (D:1)
9 creatures vanquished.

Notes
Turn   | Place    | Note
-------+----------+-------------------------------------------
     0 | D:1      | Banquo the Formicid Fighter began the quest for the Orb.
     0 | D:1      | Reached XP level 1. HP: 18/18 MP: 1/1
   345 | D:1      | Reached XP level 2. HP: 17/24 MP: 2/2
   442 | D:1      | You fall into a shaft and drop 1 floor!
  1132 | D:2      | HP: 1/24 [poisoned by an adder]
  1132 | D:2      | Slain by an adder

Illustrated notes

Levels and vault maps discovered:
D:1:      elethiomel_arrival_infinity_welcomes_careful_drivers,
          layout_loops_ring
D:2:      layout_loops_cross

Action                   || total
-------------------------++-------
Melee: War axe           ||    37
 Abil: Shaft Self        ||     1
Armor: Scale mail        ||    16
Dodge: Dodged            ||    17
Block: Kite shield       ||    25
